 Dungeon Crawl Stone Soup version 0.30-a0-1066-g63dfefce0d (webtiles) character file.

Game seed: 12909855345986312439

130 voltaire321 the Sneak (level 5, -2/36 HPs)
             Began as an Octopode Brigand on Apr 12, 2023.
             Slain by a black bear (7 damage)
             ... on level 4 of the Dungeon.
             The game lasted 00:04:39 (2137 turns).

voltaire321 the Sneak (Octopode Brigand)            Turns: 2137, Time: 00:04:40

Health: -2/36      AC:  1    Str: 11    XL:     5   Next: 14%
Magic:  5/5        EV: 13    Int: 13    God:
Gold:   159        SH:  0    Dex: 20    Spells: 4/4 levels left

rFire   . . .      SeeInvis .    b - +6 sling "Demonbane" {heavy, rC+ rCorr Dex+5}
rCold   + . .      Faith    .    (no shield)
rNeg    . . .      Spirit   .    (helmet restricted)
rPois   .          Reflect  .    (no amulet)
rElec   .          Rampage  .    (no ring)
rCorr   +                        (no ring)
Will    .....                    (no ring)
Stlth   +++++                    (no ring)
HPRegen 0.26/turn                (no ring)
MPRegen 0.09/turn                (no ring)
                                 (no ring)
                                 (no ring)

@: no status effects
A: almost no armour, amphibious, 8 rings, camouflage 1, gelatinous body 1,
(nimble swimmer 1), tentacles
a: no special abilities


You were on level 4 of the Dungeon.
You visited 1 branch of the dungeon, and saw 4 of its levels.

You collected 159 gold pieces.

Inventory:

Hand Weapons
 a - a +2 dagger
 b - the +6 sling "Demonbane" (weapon) {heavy, rC+ rCorr Dex+5}
   (You found it on level 3 of the Dungeon)

   Dex:       It affects your dexterity (+5).
   rC:        It protects you from cold.
   rCorr:     It protects you from acid and corrosion.
Missiles
 c - 3 curare-tipped darts
 d - 2 throwing nets
 o - 11 poisoned darts
Magical Staves
 m - a staff of air
Jewellery
 e - a ring of protection from fire
 q - a ring of fire
Scrolls
 f - 2 scrolls of enchant weapon {unknown}
 j - 2 scrolls of identify {unknown}
 n - a scroll of amnesia {unknown}
Potions
 g - 2 potions of heal wounds {unknown}
 h - a potion of degeneration {unknown}
 i - a potion of attraction {unknown}
 k - 2 potions of cancellation {unknown}
 l - a potion of curing {unknown}
 p - a potion of ambrosia {unknown}
 r - a potion of lignification {unknown}


   Skills:
 + Level 2.8 Fighting
 + Level 2.6 Short Blades
 * Level 1.6 Ranged Weapons
 - Level 2.3 Throwing
 + Level 2.0 Dodging
 + Level 6.3 Stealth


You had 4 spell levels left.
You didn't know any spells.
Your spell library contained the following spells:

 Spells                   Type           Power      Damage    Failure   Level
 Slow                     Hex            0%         N/A       30%         1
 Confusing Touch          Hex            0%         N/A       67%         3
 Vampiric Draining        Necr           0%         2d6       67%         3


Dungeon Overview and Level Annotations

Branches:
Dungeon (4/15)
 Temple: D:4-7

Altars:


Innate Abilities, Weirdness & Mutations

You cannot wear most types of armour.
You are amphibious.
You can wear up to eight rings at the same time.
Your skin changes colour to match your surroundings (Stealth+).
Your rubbery body absorbs attacks. (AC +1, EV +1)
((You are camouflaged when in or above water. (Stealth+)))
You have tentacles for arms and can constrict up to eight enemies at once.


Message History

The black bear is lightly wounded.
Fire: b) +6 sling "Demonbane" {heavy, rC+ rCorr Dex+5}
Press: ? - help, Q - select action, (/) - cycle Shift-Dir - straight line, f/p - black bear
Aim: a black bear (lightly wounded, 73% to hit)
You shoot a sling bullet.
The sling bullet barely misses the black bear.
The black bear bites you. The black bear claws you. x2
Fire: b) +6 sling "Demonbane" {heavy, rC+ rCorr Dex+5}
Press: ? - help, Q - select action, (/) - cycle Shift-Dir - straight line, f/p - black bear
Aim: a black bear (lightly wounded, 73% to hit)
You shoot a sling bullet.
The sling bullet closely misses the black bear.
The black bear bites you. The black bear misses you. The black bear claws you.
The black bear bites you. The black bear claws you.
The black bear claws you but does no damage.
Fire: b) +6 sling "Demonbane" {heavy, rC+ rCorr Dex+5}
Press: ? - help, Q - select action, (/) - cycle Shift-Dir - straight line, f/p - black bear
Aim: a black bear (lightly wounded, 73% to hit)
You shoot a sling bullet. The sling bullet hits the black bear!
The black bear is heavily wounded.
The black bear misses you. The black bear claws you. x2
The black bear bites you. The black bear closely misses you. x2
Fire: b) +6 sling "Demonbane" {heavy, rC+ rCorr Dex+5}
Press: ? - help, Q - select action, (/) - cycle Shift-Dir - straight line, f/p - black bear
Aim: a black bear (heavily wounded, 73% to hit)
You shoot a sling bullet. The sling bullet hits the black bear!
The black bear is almost dead.
The black bear goes berserk!
The black bear closely misses you. The black bear claws you.
* * * LOW HITPOINT WARNING * * *
The black bear claws you.
* * * LOW HITPOINT WARNING * * *
Fire: b) +6 sling "Demonbane" {heavy, rC+ rCorr Dex+5}
Press: ? - help, Q - select action, (/) - cycle Shift-Dir - straight line, f/p - black bear
Aim: a black bear (almost dead, berserk, 73% to hit)
You shoot a sling bullet.
The sling bullet hits the black bear but does no damage.
The black bear is almost dead.
The black bear misses you. The black bear claws you!
You die...

# #. #†.##
....### #.h.#
#@##
###..###### #
#.........#
.##.........#
............#
###.........#
#.........#
#....<....#
#.........#


You could see a black bear (berserk).

Vanquished Creatures
  4 gnolls (D:3)
  3 adders (D:3)
  A worm (D:3)
  5 orcs (D:3)
  8 endoplasms
  2 giant cockroaches
  5 goblins
  4 hobgoblins
  3 quokkas (D:3)
  4 ball pythons
  5 bats
  6 frilled lizards
  3 kobolds
  5 rats
58 creatures vanquished.

Notes
Turn   | Place    | Note
-------+----------+-------------------------------------------
     0 | D:1      | voltaire321 the Octopode Brigand began the quest for the
                  | Orb.
     0 | D:1      | Reached XP level 1. HP: 14/14 MP: 1/1
   106 | D:1      | Reached XP level 2. HP: 19/19 MP: 2/2
   774 | D:2      | Reached XP level 3. HP: 21/24 MP: 3/3
   961 | D:2      | Found a faded altar of an unknown god.
  1265 | D:3      | Identified the +6 sling "Demonbane" {heavy, rC+ rCorr
                  | Dex+5}
  1320 | D:3      | Reached skill level 6 in Stealth
  1411 | D:3      | Reached XP level 4. HP: 30/30 MP: 4/4
  1478 | D:3      | Reached skill level 1 in Ranged Weapons
  1577 | D:3      | Reached XP level 5. HP: 35/35 MP: 5/5
  2130 | D:4      | Noticed a black bear
  2137 | D:4      | Slain by a black bear

Illustrated notes

Levels and vault maps discovered:
D:1:      roderic_dead_forest, layout_loops_ring
D:2:      layout_loops_ring, hellmonk_ecumenical_altar_pennies_from_heaven
D:3:      layout_basic
D:4:      layout_rooms, fedhas_altar_fruit_tree, mainiacjoe_overflow_swirl,
          enter_ossuary_2

Skill      XL: |  1  2  3  4  5 |
---------------+----------------+-----
Stealth        | 6 |  6.3
Ranged Weapons | 1 |  1.6
Dodging        | 2 |  2.0
Fighting       | |  2.8
Short Blades   | |  2.6
Throwing       | |  2.3

Action                     |  1- 3 |  4- 6 || total
---------------------------+-------+-------++-------
  Melee: Dagger            |    56 |       ||    56
         Constrict         |     9 |       ||     9
         Tentacles         |     5 |       ||     5
   Fire: Sling             |    10 |    31 ||    41
   Stab: Sleeping          |    12 |       ||    12
 Armour: Skin              |     6 |     2 ||     8
  Dodge: Dodged            |    18 |     9 ||    27

Table legend: (Time is in decaauts)
 A = Elapsed time spent in this place.
 B = Non-inter-level travel time spent in this place.
 C = Inter-level travel time spent in this place.
 D = Time resting spent in this place.
 E = Time spent auto-exploring this place.
 F = Levels seen in this place.
 G = Mean time per level.
                   A        B        C        D        E       F      G
               +--------+--------+--------+--------+--------+-----+--------+
         Total |   2166 |   2093 |     73 |     98 |   1588 |   4 |  541.5 |
       Dungeon |   2166 |   2093 |     73 |     98 |   1588 |   4 |  541.5 |
               +--------+--------+--------+--------+--------+-----+--------+

Top non-repeatable levels by time:
     D:3: 888 daAuts
     D:1: 643 daAuts
     D:2: 605 daAuts
     D:4: 29 daAuts
